[Event "Presidents Day IM-Norm 2024"]
[Site "Santa Clara"]
[Date "2024.02.18"]
[Round "5.3"]
[White "Guo, Ethan"]
[Black "Rodi, Luis Ernesto"]
[Result "1-0"]
[ECO "C77"]
[WhiteElo "2099"]
[BlackElo "2196"]
[Annotator "RC"]
[PlyCount "89"]
[EventDate "2024.02.13"]
[EventType "tourn"]
[EventCountry "USA"]
[SourceTitle "playchess.com"]
[Source "ChessBase"]
[SourceQuality "1"]
[TimeControl "5400+30"]

1. e4 e5 2. Nf3 Nc6 3. Bb5 a6 4. Ba4 Nf6 5. d3 d6 6. c4 Bd7 7. Nc3 g6 8. O-O Bg7 9. Re1 O-O 10. Bxc6 bxc6 11. d4 exd4 12. Nxd4 Re8 13. Bg5 h6 14. Bh4 c5 15. Nb3 g5 16. Bg3 Ng4 17. Rc1 Be6 18. Na5 Qd7 19. h4 Ne5 20. hxg5 hxg5 21. b3 Rab8 22. Qd2 g4 23. Bxe5 Bxe5 24. Qg5+ Kf8 25. Nd5 c6 26. Nf6 Bxf6 27. Qxf6 Qc7 28. Qc3 Ke7 29. e5 Rh8 30. exd6+ Qxd6 31. Qe5 Rbd8 32. Qg5+ Ke8 33. g3 Rd7 34. Qxg4 Kd8 35. Qf3 Rg8 36. Nb7+ Rxb7 37. Rcd1 Bd5 38. cxd5 Rb4 39. dxc6 Rd4 40. Rxd4 cxd4 41. Qxf7 Rf8 42. Qb7 d3 43. Re7 Qxc6 44. Qxc6 Kxe7 45. Qe4+ 1-0

[Event "Presidents Day IM-Norm 2024"]
[Site "Santa Clara"]
[Date "2024.02.18"]
[Round "5.5"]
[White "Stevens, Adam B"]
[Black "Cardoso Cardoso, Jose Gabriel"]
[Result "0-1"]
[ECO "E11"]
[WhiteElo "1878"]
[BlackElo "2477"]
[Annotator "RC"]
[PlyCount "152"]
[EventDate "2024.02.13"]
[EventType "tourn"]
[EventCountry "USA"]
[SourceTitle "playchess.com"]
[Source "ChessBase"]
[SourceQuality "1"]
[TimeControl "5400+30"]

1. d4 Nf6 2. c4 e6 3. Nf3 d5 4. g3 Bb4+ 5. Bd2 Be7 6. Bg2 c6 7. Qc2 Nbd7 8. O-O Ne4 9. Be3 Nd6 10. c5 Ne4 11. Nc3 f5 12. Nd2 e5 13. b4 Bf6 14. Nb3 O-O 15. f3 Nxc3 16. Qxc3 Qe7 17. Rae1 Qf7 18. dxe5 Bxe5 19. Bd4 Bxd4+ 20. Qxd4 f4 21. e4 fxg3 22. hxg3 Nf6 23. e5 Nh5 24. Qh4 Qg6 25. Kh2 Rf5 26. Qd8+ Rf8 27. Qh4 b6 28. e6 Bxe6 29. Rxe6 Qxe6 30. Qxh5 Qe3 31. Qh4 bxc5 32. bxc5 Rab8 33. g4 Rbe8 34. Qf2 Qf4+ 35. Qg3 Re2 36. Qxf4 Rxf4 37. Na5 Rf6 38. Rb1 Rxa2 39. Rb8+ Kf7 40. Rb7+ Kg6 41. Rxa7 d4 42. Nxc6 Rxa7 43. Nxa7 d3 44. Nb5 Rf4 45. Kg3 Rc4 46. Bf1 d2 47. Be2 Rxc5 48. Nd4 Rd5 49. Ne6 Kf6 50. Nf4 d1=Q 51. Bxd1 Rxd1 52. Nh5+ Kf7 53. Nf4 g6 54. Ne2 Rd3 55. Nf4 Ra3 56. Ne2 Kf6 57. Nf4 g5 58. Ne2 Ke5 59. Kf2 Rb3 60. Ng1 Kd4 61. Ne2+ Kc4 62. f4 Kd5 63. fxg5 Ke4 64. Ng3+ Kf4 65. Nh5+ Kxg5 66. Ng3 Kxg4 67. Ne4 Kf4 68. Nf6 Rb2+ 69. Ke1 h6 70. Kf1 Kf3 71. Kg1 Rd2 72. Nh5 Rd6 73. Kh2 Kg4 74. Ng7 Kg5 75. Kg3 Kg6 76. Ne8 Rc6 0-1

[Event "Presidents Day IM-Norm 2024"]
[Site "Santa Clara"]
[Date "2024.02.18"]
[Round "6.1"]
[White "Yan, Nathan"]
[Black "Cardoso Cardoso, Jose Gabriel"]
[Result "0-1"]
[ECO "B66"]
[WhiteElo "2311"]
[BlackElo "2477"]
[Annotator "TA"]
[PlyCount "114"]
[EventDate "2024.02.13"]
[EventType "tourn"]
[EventCountry "USA"]
[SourceTitle "playchess.com"]
[Source "ChessBase"]
[SourceQuality "1"]
[TimeControl "5400+30"]

1. e4 c5 2. Nf3 d6 3. d4 cxd4 4. Nxd4 Nf6 5. Nc3 Nc6 6. Bg5 e6 7. Qd2 a6 8. O-O-O Bd7 9. Nxc6 Bxc6 10. f3 h6 11. Bf4 d5 12. exd5 Nxd5 13. Nxd5 Qxd5 14. Qxd5 Bxd5 15. Kb1 Bc5 16. Be2 Ke7 17. a3 {[%emt 0:06:39] The position is equal.} b5 18. Rhe1 Rhd8 19. Bd3 f6 20. Kc1 e5 21. Bf5 Bc6 22. Rxd8 Rxd8 23. Be3 Bd6 24. Bb6 Rb8 25. Bf2 Bd7 26. Bxd7 Kxd7 $11 {[%emt 0:00:02][%mdl 4096] Endgame. KRB-KRB} 27. Rd1 {[%emt 0:01:59] Threatens to win with Bc5.} Ke6 28. Rd3 Rc8 29. Bg3 g5 30. Kd1 h5 31. h3 g4 32. hxg4 hxg4 33. Be1 ({Don't play} 33. fxg4 Rg8 34. Rc3 Rxg4 $17) 33... Rh8 34. Rc3 Kd7 35. Ke2 Rh2 36. Kf1 gxf3 37. gxf3 f5 38. Bg3 Rh1+ 39. Ke2 Rb1 40. b4 Rh1 41. Bf2 Rh3 42. Rd3 Ke6 43. Kf1 Rh1+ 44. Ke2 Rh7 45. Rc3 {[%emt 0:01:20] [#]} (45. Bg3 $15) 45... Rc7 $1 $17 46. Rxc7 (46. Kd2 $17) 46... Bxc7 {[%emt 0:00:01] KB-KB} 47. a4 $2 (47. Kd2) 47... Kd5 $2 (47... bxa4 $19 {Hoping for ...a3.} 48. Kd3 a3) 48. axb5 axb5 49. Kd3 e4+ 50. fxe4+ fxe4+ 51. Ke2 Kc4 52. Ba7 Bf4 ({Much less strong is} 52... Kxb4 53. Ke3 $11) 53. Bc5 Kc3 54. Bf8 $2 {[%emt 0:01:11][%mdl 8192] [#]} (54. Kd1 $17) 54... Kxc2 {[%emt 0:00:07] Black mates.} 55. Be7 Kc3 56. Bf8 Kc4 57. Be7 Bc1 {[%emt 0:00:07] Weighted Error Value: White=0.41/Black=0.20 (precise) .  Loses game:     	White=1     	---        Missed win:     	---       	Black=1      Mistake:       	White=3     	---        Inaccurate:     	White=4     	Black=4      OK:         	White=12    	Black=16     Best:        	White=2     	Black=1      Strong:       	---       	Black=1} 0-1

[Event "Presidents Day IM-Norm 2024"]
[Site "Santa Clara"]
[Date "2024.02.18"]
[Round "6.3"]
[White "Rodi, Luis Ernesto"]
[Black "Liu, Patrick"]
[Result "0-1"]
[ECO "B30"]
[WhiteElo "2196"]
[BlackElo "2130"]
[Annotator "RC"]
[PlyCount "156"]
[EventDate "2024.02.13"]
[EventType "tourn"]
[EventCountry "USA"]
[SourceTitle "playchess.com"]
[Source "ChessBase"]
[SourceQuality "1"]
[TimeControl "5400+30"]

1. e4 c5 2. Nf3 e6 3. Nc3 Nc6 4. Bb5 Nd4 5. O-O a6 6. Bd3 Nc6 7. Nd5 g5 8. Ne3 h5 9. c3 Bg7 10. Bc2 g4 11. Ne1 d5 12. exd5 exd5 13. Qe2 Nge7 14. f3 Qd6 15. f4 Be6 16. Nf5 Nxf5 17. Bxf5 O-O-O 18. Bxe6+ fxe6 19. Rb1 e5 20. d3 Rdf8 21. g3 Re8 22. Qf2 e4 23. dxe4 Rxe4 24. Nd3 c4 25. Ne5 Bxe5 26. fxe5 Nxe5 27. Bf4 Qc6 28. Qa7 Re8 29. Bxe5 R4xe5 30. Rf7 R5e7 31. Rbf1 Kc7 32. R1f6 Qb5 33. a4 Qd7 34. Qc5+ Kb8 35. Rxe7 Qxe7 36. Qxe7 Rxe7 37. Kf2 Re5 38. Rf7 Ka7 39. a5 d4 40. cxd4 Rxa5 41. Ke3 Ra2 42. Rf2 b5 43. d5 Kb6 44. Kd4 a5 45. Rf6+ Kc7 46. Kc5 Rxb2 47. Rf7+ Kd8 48. d6 Rd2 49. Kc6 Ke8 50. Re7+ Kf8 51. Ra7 c3 52. Kxb5 Rxd6 53. Rc7 Rd2 54. Rxc3 Rxh2 55. Kxa5 Kf7 56. Kb4 Rf2 57. Rc5 Kg6 58. Rc6+ Kg5 59. Rc5+ Rf5 60. Rc8 Rf3 61. Rc5+ Kg6 62. Rc6+ Kf5 63. Rc5+ Ke4 64. Rxh5 Rxg3 65. Rh8 Re3 66. Kc4 g3 67. Rg8 Kf3 68. Kd4 Re7 69. Rf8+ Kg2 70. Kd3 Kg1 71. Kd2 Re5 72. Rf7 g2 73. Rf8 Kh2 74. Rh8+ Kg3 75. Rg8+ Kf3 76. Rg7 Re4 77. Kd3 Rg4 78. Rf7+ Kg3 0-1

[Event "Presidents Day IM-Norm 2024"]
[Site "Santa Clara"]
[Date "2024.02.18"]
[Round "6.4"]
[White "Bansal, Advay"]
[Black "Guo, Ethan"]
[Result "1/2-1/2"]
[ECO "B90"]
[WhiteElo "2253"]
[BlackElo "2099"]
[Annotator "TA"]
[PlyCount "62"]
[EventDate "2024.02.13"]
[EventType "tourn"]
[EventCountry "USA"]
[SourceTitle "playchess.com"]
[Source "ChessBase"]
[SourceQuality "1"]
[TimeControl "5400+30"]

1. e4 c5 2. Nf3 d6 3. d4 cxd4 4. Nxd4 Nf6 5. Nc3 a6 6. Bd3 e5 7. Nde2 Be6 8. f4 exf4 9. Nxf4 Nc6 10. Nxe6 {[%emt 0:02:54] White has an edge.} fxe6 11. Bc4 Nxe4 {[%emt 0:03:46] And now ...Qh4+ would win.} 12. Qh5+ g6 13. Qh3 Nxc3 14. Qxe6+ ({Better is} 14. bxc3 $14 Qe7 15. Ba3 (15. Qxe6 Bg7 $14) (15. Bxe6 $2 Nd8 $19)) 14... Qe7 $11 {[%emt 0:00:12] White must now prevent ...Qxe6+.} 15. bxc3 Qxe6+ 16. Bxe6 Bg7 17. O-O Ke7 18. Bd5 {[%emt 0:07:50] This pair of bishops is nice.} Rhf8 {[%emt 0:01:28] Prevents Rf7+} ({Black should play} 18... Raf8 $14) 19. Rb1 $1 $16 Rxf1+ 20. Kxf1 Na5 (20... Nd8 $16 21. Bg5+ (21. Bxb7 Rb8 $14) 21... Kd7 22. Bxd8 (22. Bxb7 Rb8 $16) 22... Kxd8) 21. c4 {[%emt 0:06:27][%cal Oc1d2] Threatens to win with Bd2!} (21. Bxb7 Rb8 22. Rb6 (22. Bg5+ $2 Kd7 $19) 22... Rxb7 $19 (22... Nxb7 $2 23. Bf4 $19)) 21... Bd4 {[%emt 0:05:28] [#]} 22. Ke2 $1 Rf8 23. Kd3 (23. Bxb7 $6 Rb8 24. Bg5+ Kd7 $11) 23... Bc5 {[%emt 0:00:53] [#]} 24. Bh6 $1 (24. Bxb7 $2 Rb8 25. Bd2 (25. Bg5+ $2 Kd7 $19) 25... Nxb7 $19) 24... Rf2 25. Bg5+ (25. Bxb7 $6 Nxb7 26. Rxb7+ Ke6 $11) 25... Kf8 $2 (25... Ke8 {is a better defense.} 26. Re1+ (26. Bxb7 Nxb7 27. Rxb7 Rxg2 $11) 26... Kd7) 26. Bf3 $2 ({Inferior is} 26. Bxb7 Nxb7 27. Rxb7 Rxg2 $11) (26. Re1 $18 Kg7 27. Re7+ Kf8 28. Rc7 (28. Bxb7 $2 Rf5 $17) (28. Rxh7 Nc6 $18)) 26... Nc6 $1 $11 {[%emt 0:00:58] The position is equal.} 27. Bh4 Nb4+ {[%emt 0:01:38] [#]} 28. Rxb4 $1 Rxf3+ 29. gxf3 Bxb4 30. Kd4 Ke8 31. Kd5 Kd7 {[%emt 0:00:16] Blacks defense is rewarded with a draw.   Weighted Error Value: White=0.30/Black=0.27 (precise) .  Missed win:     	White=1     	---        Mistake:       	White=1     	Black=3      Inaccurate:     	White=1     	Black=2      OK:         	White=12    	Black=5      Best:        	---       	Black=6      Strong:       	White=1     	Black=1} 1/2-1/2

[Event "Presidents Day IM-Norm 2024"]
[Site "Santa Clara"]
[Date "2024.02.18"]
[Round "6.5"]
[White "Raja Harshit"]
[Black "Vatsal Singhania"]
[Result "1/2-1/2"]
[ECO "B57"]
[WhiteElo "2508"]
[BlackElo "2252"]
[Annotator "TA"]
[PlyCount "99"]
[EventDate "2024.02.13"]
[EventType "tourn"]
[EventCountry "USA"]
[SourceTitle "playchess.com"]
[Source "ChessBase"]
[SourceQuality "1"]
[TimeControl "5400+30"]

1. e4 c5 2. Nf3 d6 3. d4 cxd4 4. Nxd4 Nf6 5. Nc3 Nc6 6. Bc4 Qb6 7. Nb3 e6 8. Bf4 Ne5 9. Be2 a6 10. g4 Be7 11. Bg3 Qc7 12. f4 {[%emt 0:05:32] White is slightly better.} Nc6 13. a4 ({White should try} 13. g5 $14 Nd7 14. Qd2) 13... b6 (13... O-O $11) 14. Qd2 $16 Bb7 15. O-O-O (15. g5 $16 Nd7 16. f5) 15... Nb4 {[%emt 0:00:00] [#]} (15... b5 $1 $11) 16. Bf3 $1 d5 17. exd5 (17. f5 {looks sharper.} Qc8 18. e5 Nd7 19. Kb1) 17... Nfxd5 18. Nxd5 Bxd5 19. Bxd5 Nxd5 20. f5 Qc4 21. Qd4 Rc8 22. Qxc4 Rxc4 23. Rhe1 {[%emt 0:00:16] Dodges Ne3} Kd7 (23... Rxg4 $11 24. a5 (24. fxe6 fxe6 25. Nd4 Kf7 $11) 24... bxa5) 24. Nd4 $18 Rxa4 25. Kb1 (25. fxe6+ fxe6 26. Kb1 (26. Rxe6 Bc5 $11) (26. Nxe6 Ra1+ 27. Kd2 Rxd1+ 28. Kxd1 g6 $11) 26... Kc8 27. Nxe6 (27. Rxe6 Bc5 $18) 27... Nf6) 25... Bf6 (25... Bd6 {might work better.} 26. fxe6+ fxe6) 26. fxe6+ fxe6 27. Nxe6 Kc6 28. g5 Nc3+ 29. bxc3 Bxc3 30. Rd6+ Kb5 {[%emt 0:00:00][%csl Gc3][%cal Ra4a1] [#]} 31. Re5+ $1 Bxe5 32. Bxe5 Rc8 33. Nd4+ (33. Nxg7 Rb4+ 34. Kc1 Re4) 33... Kc5 34. Nb3+ Kb5 35. Bd4 Rc6 {[%emt 0:00:00] [#]} 36. Rd5+ Kc4 37. Rd7 Rg6 38. h4 (38. Rxg7 $6 Rxg7 39. Bxg7 Kd5 $14) ({Better is} 38. Nd2+ $18 Kb5 39. Nf3 (39. Bxg7 Rxg5 40. Nf3 Rh5 $14)) 38... Kb5 $16 39. Rb7 (39. Rxg7 $6 Rxg7 40. Bxg7 Rxh4 $11) 39... Rb4 40. Ka2 (40. Rxg7 $6 Rxg7 41. Bxg7 a5 $11) (40. Kb2 $142) 40... Kc6 41. Rf7 (41. Rxg7 Rxg7 42. Bxg7 Rxh4 $11) 41... Kd5 42. c3 {[%emt 0:04:40] White is more active.} (42. Rxg7 Rxg7 (42... Rxd4 $2 43. Rd7+ Ke6 44. Rxd4 $18) 43. Bxg7 Rxh4 $11) 42... Ra4+ 43. Kb2 Re6 44. Nc1 {[%emt 0:00:06] Against Re2+} Re4 45. h5 (45. Rxg7 Rxh4 46. Bxb6 Rh2+ 47. Kb3 Ra1 48. c4+ Kc6 $11) (45. Bxb6 $16 {Threatens to win with Nd3.} Rxh4 46. Nd3 (46. Rxg7 Rh2+ 47. Kb1 Rg4 $16)) 45... Rh4 46. Rxg7 (46. Nd3 $16 Rh2+ 47. Rf2 (47. Kb3 Ra1 $18) 47... Rxf2+ 48. Nxf2) 46... Rh2+ $1 $11 {[%emt 0:00:00] The position is equal.} 47. Kb3 Ra1 {[%emt 0:00:00] White must now prevent ...Rb1+.} 48. Rd7+ (48. Nd3 $5 Rb1+ $8 49. Ka3 Ra1+ 50. Kb3 Rb1+ 51. Ka3 Ra1+ 52. Kb3 $11) 48... Kc6 $1 49. Rxh7 {[%emt 0:00:04][%cal Og5g6] Hoping for g6!} Rxc1 50. g6 {[%emt 0:02:02] Weighted Error Value: White=0.16 (very precise) /Black=0.16 (very precise) .  Mistake:       	White=6     	Black=4      Inaccurate:     	White=1     	Black=1      OK:         	White=18    	Black=14     Best:        	White=4     	Black=6      Strong:       	White=1     	Black=2} 1/2-1/2

[Event "Presidents Day IM-Norm 2024"]
[Site "Santa Clara"]
[Date "2024.02.19"]
[Round "7.1"]
[White "Vatsal Singhania"]
[Black "Yan, Nathan"]
[Result "1/2-1/2"]
[ECO "C54"]
[WhiteElo "2252"]
[BlackElo "2311"]
[Annotator "TA"]
[PlyCount "71"]
[EventDate "2024.02.13"]
[EventType "tourn"]
[EventCountry "USA"]
[SourceTitle "playchess.com"]
[Source "ChessBase"]
[SourceQuality "1"]
[TimeControl "5400+30"]

1. e4 e5 2. Nf3 Nc6 3. Bc4 Bc5 4. O-O Nf6 5. d3 O-O 6. Nbd2 d6 7. c3 a5 8. Re1 h6 9. Nf1 Ba7 {[%emt 0:00:41] The position is equal.} 10. Be3 Be6 11. Bb5 Ne7 12. Ng3 Bxe3 13. fxe3 c6 14. Ba4 Ng6 15. d4 Qc7 16. Bc2 Rad8 17. Qe2 Rfe8 18. h3 b5 19. Qf2 b4 20. Nf5 bxc3 21. bxc3 Rb8 22. Nd2 Rb2 23. Rac1 Nd7 24. a4 Nb6 25. Qg3 Nc4 ({Black should try} 25... Kh7 $15) 26. Nxc4 $14 Bxc4 27. h4 {[%emt 0:00:15] [#] h5 would now be deadly.} Be6 (27... h5 $1 $11) 28. h5 ({Better is} 28. Rf1 $16) 28... Bxf5 $11 29. exf5 {[%emt 0:00:36][%cal Be4f5,Bf5f6][%mdl 32] Hoping for f6.} Nf8 30. f6 Ne6 31. Re2 e4 32. Rf1 d5 33. Qxc7 Nxc7 34. fxg7 Kxg7 35. Ref2 Re7 36. Rb1 {[%emt 0:01:03] Weighted Error Value: White=0.10 (very precise) /Black=0.15 (very precise) .  Mistake:       	White=1     	Black=2      Inaccurate:     	White=3     	Black=2      OK:         	White=11    	Black=10     Best:        	White=1     	Black=3} 1/2-1/2

[Event "Presidents Day IM-Norm 2024"]
[Site "Santa Clara"]
[Date "2024.02.19"]
[Round "7.2"]
[White "Guo, Ethan"]
[Black "Raja Harshit"]
[Result "0-1"]
[ECO "B90"]
[WhiteElo "2099"]
[BlackElo "2508"]
[Annotator "TA"]
[PlyCount "72"]
[EventDate "2024.02.13"]
[EventType "tourn"]
[EventCountry "USA"]
[SourceTitle "playchess.com"]
[Source "ChessBase"]
[SourceQuality "1"]
[TimeControl "5400+30"]

1. e4 c5 2. Nf3 d6 3. d4 cxd4 4. Nxd4 Nf6 5. Nc3 a6 6. Qd3 Nbd7 7. Be2 g6 8. Bg5 {White has an edge.} Bg7 9. O-O-O Qc7 10. Qe3 b5 11. Nd5 Nxd5 12. exd5 Nf6 $1 13. Bf3 h6 14. Bxf6 Bxf6 15. Kb1 h5 16. Rhe1 Kf8 17. h3 h4 18. Bg4 (18. a3 $11) 18... Bb7 $15 19. Qe4 Kg7 20. Bf3 Rac8 21. Bg4 Rce8 22. f4 ({Better is} 22. Bf3) 22... Qc4 ({Black should play} 22... e6 $1 $17 23. Bf3 (23. Bxe6 $2 fxe6 24. Nxe6+ Rxe6 $19) 23... Bxd5) 23. Bd7 $2 {[%emt 0:02:00] Loses the game.} (23. Be2 $15 Bxd5 (23... Qxd5 24. Qxd5 Bxd5 25. Nf5+ gxf5 26. Rxd5 $15) 24. Bxc4 Bxe4 25. Bxb5 (25. Bxf7 $2 Bxc2+ 26. Nxc2 Kxf7 $19) 25... Bxg2 26. Bxe8 Rxe8 27. Re3) 23... Bxd5 $19 24. Nf5+ gxf5 25. Qxd5 Qxd5 26. Rxd5 Rd8 27. Bc6 Rc8 28. Bb7 {[%emt 0:00:00] [#]} (28. Bd7 $142 Rcd8 29. Bc6) 28... Rb8 $1 29. Bxa6 {[%emt 0:00:00] [#]} Rb6 {[%emt 0:00:00] Black has a decisive advantage.} 30. Rxf5 Rxa6 31. Rxb5 Ra4 32. Rf1 Re4 33. Rb3 Rh6 {[%emt 0:00:00] Strongly threatening ...Rg6.} 34. g4 hxg3 35. Rxg3+ Rg6 36. Rgf3 Rg2 {[%emt 0:07:30] Weighted Error Value: White=0.26 (precise) /Black=0.08 (flawless) .  Loses game:     	White=1     	---        Mistake:       	White=3     	Black=1      Inaccurate:     	White=2     	---        OK:         	White=12    	Black=13     Best:        	White=1     	Black=2      Strong:       	---       	Black=2} 0-1

[Event "Presidents Day IM-Norm 2024"]
[Site "Santa Clara"]
[Date "2024.02.19"]
[Round "7.3"]
[White "Liu, Patrick"]
[Black "Bansal, Advay"]
[Result "1/2-1/2"]
[ECO "D85"]
[WhiteElo "2130"]
[BlackElo "2253"]
[Annotator "ChessBase"]
[PlyCount "161"]
[EventDate "2024.02.13"]
[EventType "tourn"]
[EventCountry "USA"]
[SourceTitle "playchess.com"]
[Source "ChessBase"]
[SourceQuality "1"]
[TimeControl "5400+30"]

1. d4 Nf6 2. c4 g6 3. Nc3 d5 4. cxd5 Nxd5 5. e4 Nxc3 6. bxc3 Bg7 7. Rb1 c5 8. Nf3 O-O 9. Be2 Nc6 10. d5 Ne5 11. Nxe5 Bxe5 12. Qd2 e6 13. f4 Bc7 14. O-O exd5 15. exd5 Ba5 16. Rb5 Re8 17. Bf3 a6 18. Rb1 Qf6 19. Bb2 c4 20. Ba1 Bb6+ 21. Kh1 Bf5 22. Rbe1 Bd3 23. Be2 Red8 24. f5 Rxd5 25. fxg6 Qxg6 26. Bxd3 Rxd3 27. Qf4 Bc5 28. Re4 b5 29. Qh4 f5 30. Re5 Bd6 31. Re2 Re8 32. Qe1 Rxe2 33. Qxe2 f4 34. Bb2 h5 35. Qe1 Re3 36. Qf2 Qd3 37. Bc1 Re4 38. Rg1 Qd5 39. Rf1 Qe5 40. Qh4 Be7 41. Qf2 Re2 42. Qf3 Re1 43. Bd2 Rxf1+ 44. Qxf1 Bd6 45. Qf3 Qf5 46. Kg1 Qb1+ 47. Kf2 Qf5 48. Ke2 Qg4 49. Kf2 Bc5+ 50. Ke2 Bd6 51. Kf2 Qf5 52. Ke2 Kf7 53. Qb7+ Ke6 54. Qc8+ Kf6 55. Qd8+ Ke6 56. Qc8+ Kf6 57. Qd8+ Be7 58. Qb6+ Kf7 59. Qc7 Qd3+ 60. Ke1 Qe4+ 61. Kf2 Ke6 62. Qxf4 Bc5+ 63. Kf1 Qxf4+ 64. Bxf4 Kf5 65. Bd2 Ke4 66. Ke2 Bg1 67. h3 Bh2 68. Be1 Be5 69. Kd2 Bf4+ 70. Kc2 Bg5 71. Bf2 Bf6 72. Be1 Ke3 73. Bg3 Ke2 74. Bf4 Kf2 75. g4 h4 76. g5 Bg7 77. Bd6 Kg2 78. Be7 Kxh3 79. Bf6 Bf8 80. g6 Kg2 81. Bxh4 1/2-1/2

[Event "Presidents Day IM-Norm 2024"]
[Site "Santa Clara"]
[Date "2024.02.19"]
[Round "7.4"]
[White "Stevens, Adam B"]
[Black "Rodi, Luis Ernesto"]
[Result "1/2-1/2"]
[ECO "A80"]
[WhiteElo "1878"]
[BlackElo "2196"]
[Annotator "RC"]
[PlyCount "101"]
[EventDate "2024.02.13"]
[EventType "tourn"]
[EventCountry "USA"]
[SourceTitle "playchess.com"]
[Source "ChessBase"]
[SourceQuality "1"]
[TimeControl "5400+30"]

1. d4 f5 2. Nc3 d5 3. Bf4 a6 4. Qd2 e6 5. f3 Nf6 6. e3 c5 7. Nh3 Nc6 8. Ne2 h6 9. O-O-O b5 10. Nf2 Qb6 11. g4 g5 12. Bg3 cxd4 13. exd4 f4 14. Nxf4 gxf4 15. Bxf4 Bd7 16. g5 hxg5 17. Bxg5 Be7 18. Bh3 O-O-O 19. Rhe1 Rdg8 20. Bxe6 Ne4 21. Bxd7+ Kxd7 22. Nxe4 dxe4 23. Bxe7 Nxe7 24. fxe4 Qh6 25. Re2 Rg4 26. d5 Qxd2+ 27. Rdxd2 Rhh4 28. Rd3 Rxe4 29. Rxe4 Rxe4 30. Ra3 Nxd5 31. Rxa6 Rh4 32. c3 Nc7 33. Rg6 Rxh2 34. Rg4 Rh1+ 35. Kc2 Nd5 36. Rd4 Kc6 37. a4 Rh2+ 38. Kb3 Nb6 39. axb5+ Kxb5 40. Rg4 Nd7 41. Rb4+ Kc6 42. Ka2 Nb6 43. Kb3 Rg2 44. Rh4 Kc5 45. Rh5+ Nd5 46. Re5 Kd6 47. Re4 Kc5 48. Re5 Rh2 49. Rg5 Kc6 50. Rg6+ Kc5 51. Rg5 1/2-1/2

[Event "Presidents Day IM-Norm 2024"]
[Site "Santa Clara"]
[Date "2024.02.19"]
[Round "8.2"]
[White "Rodi, Luis Ernesto"]
[Black "Cardoso Cardoso, Jose Gabriel"]
[Result "1/2-1/2"]
[ECO "B90"]
[WhiteElo "2196"]
[BlackElo "2477"]
[Annotator "TA"]
[PlyCount "89"]
[EventDate "2024.02.13"]
[EventType "tourn"]
[EventCountry "USA"]
[SourceTitle "playchess.com"]
[Source "ChessBase"]
[SourceQuality "1"]
[TimeControl "5400+30"]

1. e4 c5 2. Nc3 d6 3. Nf3 a6 4. d4 cxd4 5. Nxd4 Nf6 6. Nb3 g6 7. Be2 Bg7 8. Be3 O-O 9. g4 Nc6 10. g5 Nd7 11. h4 b5 12. Nd4 (12. Qd2 $142) 12... Bb7 $11 13. Nxc6 Bxc6 14. Bd4 e5 ({Black should try} 14... Be5 $15) 15. Be3 Nc5 16. Bf3 Ne6 17. Nd5 Nd4 18. c3 Nxf3+ 19. Qxf3 Bxd5 20. exd5 Rc8 21. h5 Re8 22. hxg6 hxg6 23. Rh4 $1 Qa5 24. Ke2 Rc4 {[%emt 0:00:00] [#]} (24... b4 $11 25. Rxb4 e4) 25. Rh7 $3 $16 Kxh7 26. Qxf7 Rh4 {[%emt 0:00:00] Inhibits Rh1.} 27. Qxe8 Qa4 28. Kd2 Qc4 {[%emt 0:00:00][%cal Oe5e4] [#]} 29. Qc6 $1 Qxc6 30. dxc6 {[%emt 0:00:00][%mdl 4096] Endgame. KRB-KRB} Rc4 {[%emt 0:00:00] [#]} 31. a4 $1 bxa4 {[%emt 0:00:00] [#]} 32. Rxa4 $3 Rxc6 (32... Rxa4 $2 {loses.} 33. b3 Ra2+ 34. Kd1 $18) 33. Kd3 {[%emt 0:00:00] And now Ke4 would win. White is more active.} d5 34. Ra5 e4+ {[%emt 0:00:00] [#]} (34... d4 $16) 35. Kd2 $1 $18 Rd6 36. Bc5 Re6 37. Ke3 {[%emt 0:00:00] Bd4 is the strong threat.} Re5 38. Bd4 Rxg5 ({Better is} 38... Rf5) 39. c4 (39. Rxa6 $16 {Black must now prevent Ra7.} Bxd4+ 40. Kxd4) 39... Bh6 (39... Bxd4+ $5 40. Kxd4 e3 41. fxe3 (41. Kxe3 $2 {perishes.} d4+ 42. Kxd4 Rxa5 $19) 41... Rg4+ 42. e4 (42. Kxd5 $2 {is the wrong capture.} Rg5+ 43. Kd4 Rxa5 $19) 42... dxc4 $11) 40. Rxa6 Rg3+ 41. Ke2 Rd3 42. Ra7+ Kg8 {[%emt 0:00:00] The position is equal.} 43. Be3 Bxe3 44. fxe3 {[%emt 0:00:00] c5 would now be deadly.} dxc4 45. Rc7 {[%emt 0:00:00] White really could win this.   Weighted Error Value: White=0.09 (flawless) /Black=0.12 (very precise) .  Missed win:     	White=1     	---        Mistake:       	White=2     	Black=4      Inaccurate:     	White=1     	Black=3      OK:         	White=14    	Black=18     Best:        	White=2     	Black=9      Strong:       	White=3     	---        Brilliant:      	White=1     	---} 1/2-1/2

[Event "Presidents Day IM-Norm 2024"]
[Site "Santa Clara"]
[Date "2024.02.19"]
[Round "8.3"]
[White "Bansal, Advay"]
[Black "Stevens, Adam B"]
[Result "1-0"]
[ECO "B90"]
[WhiteElo "2253"]
[BlackElo "1878"]
[Annotator "TA"]
[PlyCount "76"]
[EventDate "2024.02.13"]
[EventType "tourn"]
[EventCountry "USA"]
[SourceTitle "playchess.com"]
[Source "ChessBase"]
[SourceQuality "1"]
[TimeControl "5400+30"]

1. e4 c5 2. Nf3 d6 3. d4 cxd4 4. Nxd4 Nf6 5. Nc3 a6 6. Bd3 e5 7. Nde2 Be7 8. O-O O-O 9. Ng3 Be6 {[%emt 0:00:17] [#]} 10. Nd5 $1 Bxd5 (10... Nbd7 11. c4) 11. exd5 {[%emt 0:00:07] Weiß hat minimalen Vorteil.} g6 12. c4 Nbd7 13. Kh1 Ne8 14. Bh6 Ng7 $1 15. Qd2 f5 16. f3 Nc5 17. Bc2 a5 18. b3 f4 19. Ne2 Rf7 20. Bxg7 Rxg7 21. a3 Kh8 22. Nc3 g5 (22... Nd7 $14) 23. b4 $16 {[%emt 0:02:26] Schwarz ist schwach auf den weissen Feldern} Nd7 24. Nb5 b6 (24... Nf6 $14) 25. Bf5 h5 26. Rac1 {[%emt 0:05:03] Weiß hat aktiveres Spiel.} Bf8 27. g4 fxg3 28. hxg3 Qf6 (28... Nf6 $142 29. Kg2 h4) 29. g4 Nb8 (29... Rf7 $16 30. Nc7 Rb8) 30. Nc3 $18 {[%emt 0:06:26] [#] Und Kg2 würde nun gewinnen.} h4 $2 (30... Qh6 31. Kg2 axb4) 31. Ne4 Qd8 32. c5 bxc5 33. bxc5 dxc5 34. Nxc5 Bxc5 35. Rxc5 {[%emt 0:00:43][%cal Bc1c5,Bc5c6,Bc6h6][%mdl 32] Droht stark Rc8.} Nd7 36. Rc6 Qb8 37. Rh6+ Kg8 38. Be6+ Kf8 {[%emt 0:00:00] Gewichteter Fehlerwert: Weiß=0.04 (makellos) /Schwarz=0.55.  Fehler:       	---       	Schwarz=5     Ungenau:       	Weiß=1     	Schwarz=2     OK:         	Weiß=13    	Schwarz=2     Bester:       	Weiß=1     	---        Stark:        	---       	Schwarz=1} 1-0